 Dungeon Crawl Stone Soup version 0.29.0-13-gc9e81de378 (webtiles) character file.

Game seed: 15036505637645429574

310 DoubleLucky the Firebug (level 6, -1/36 (45) HPs)
             Began as a Draconian Fire Elementalist on Sept 9, 2022.
             Slain by a wight
             ... wielding a +4 dagger
              (3 damage)
             ... on level 4 of the Dungeon.
             The game lasted 00:07:42 (3452 turns).

DoubleLucky the Firebug (DrFE)                      Turns: 3452, Time: 00:07:43

HP:   -1/36 (45)    AC:  7    Str: 11    XL:     6   Next: 18%
MP:   3/12          EV: 12    Int: 17    God:
Gold: 171           SH:  0    Dex: 17    Spells: 10/13 levels left

rFire   . . .      SeeInvis .   r - +1 dagger (holy)
rCold   . . .      Faith    .   (no shield)
rNeg    . . .      Spirit   .   (body armour unavailable)
rPois   .          Reflect  .   (helmet restricted)
rElec   .          Harm     .   p - +0 cloak
rCorr   .          Rampage  .   (no gloves)
Will    +....                   (no boots)
Stlth   ++........              (no amulet)
HPRegen 0.12/turn               g - +6 ring of dexterity
MPRegen 0.13/turn               b - ring of willpower

@: heavily drained
A: AC +6, unfitting armour, cold-blooded
a: no special abilities


You were on level 4 of the Dungeon.
You visited 1 branch of the dungeon, and saw 5 of its levels.

You collected 171 gold pieces.

Inventory:

Hand Weapons
 r - a +1 dagger of holy wrath (weapon)
Armour
 p - a +0 cloak (worn)
Jewellery
 b - a ring of willpower (right hand)
 g - a +6 ring of dexterity (left hand)
Scrolls
 d - a scroll of noise {unknown}
 f - a scroll of immolation {unknown}
 h - a scroll of enchant armour {unknown}
 i - 2 scrolls of fear {unknown}
 j - a scroll of amnesia {unknown}
 k - 2 scrolls of identify {unknown}
 q - a scroll of teleportation {unknown}
Potions
 a - a potion of magic
 c - 3 potions of might {unknown}
 e - 3 potions of heal wounds {unknown}
 l - a potion of flight {unknown}
 m - a potion of brilliance {unknown}
 n - a potion of curing {unknown}
 o - a potion of lignification {unknown}


   Skills:
 - Level 1.7 Dodging
 - Level 1.7 Stealth
 + Level 4.4 Spellcasting
 - Level 1.0 Conjurations
 + Level 5.3 Fire Magic


You had 10 spell levels left.
You knew the following spells:

 Your Spells              Type           Power      Damage    Failure   Level
a - Foxfire               Conj/Fire      56%        2x1d6     4%          1
b - Scorch                Fire           44%        2d7       2%          2

Your spell library contained the following spells:

 Spells                   Type           Power      Damage    Failure   Level
 Conjure Flame            Conj/Fire      14%        6-21      12%         3
 Inner Flame              Hex/Fire       12%        N/A       16%         3
 Flame Wave               Conj/Fire      14%        2d6       38%         4
 Confusing Touch          Hex            3%         N/A       41%         3
 Summon Forest            Summ/Tloc      1%         N/A       99%         5
 Summon Mana Viper        Hex/Summ       3%         N/A       99%         5
 Yara's Violent Unravell  Hex/Tmut       1%         3d3       99%         5
 Summon Cactus Giant      Summ           1%         N/A       100%        6
 Enfeeble                 Hex            1%         N/A       100%        7


Dungeon Overview and Level Annotations

Branches:
Dungeon (5/15)
 Temple: D:4-7

Altars:
Zin

Annotations:
D:4 Dowan, Duvessa


Innate Abilities, Weirdness & Mutations

Your plain brown scales are hard. (AC +6)
You cannot fit into any form of body armour.
You are cold-blooded and may be slowed by cold attacks.


Message History

You feel drained.
Casting: Scorch (safe; 2% risk of failure)
Confirm with . or Enter, or press ? or * to list all spells.
Flames lash the wight.
The wight is almost destroyed.
The wight's fire resistance burns away.
The wight barely misses you. The wight completely misses you.
The wight closely misses you.
The wight hits you from afar with a +0 halberd.
You feel drained.
You climb upwards.
Level annotation: Dowan, Duvessa
There is a stone staircase leading down here.
The wight attacks as you move away! The wight closely misses you.
The wight attacks as you move away! The wight hits you but does no damage.
There is a stone staircase leading up here.
Casting: Scorch (safe; 2% risk of failure)
Confirm with . or Enter, or press ? or * to list all spells.
You conjure some foxfire!
The wight hits you with a +4 dagger.
* * * LOW HITPOINT WARNING * * *
You feel drained.
Casting: Foxfire (safe; 4% risk of failure)
Confirm with . or Enter, or press ? or * to list all spells.
There is not enough space to conjure foxfire!
You hit the wight.
The wight convulses.
The wight is lightly damaged.
The foxfire hits the wight but does no damage.
The wight is lightly damaged.
The foxfire hits the wight.
The wight is heavily damaged.
The wight hits you with a +4 dagger.
* * * LOW HITPOINT WARNING * * *
You feel drained.
* * * LOW HITPOINT WARNING * * *
Casting: Foxfire (safe; 4% risk of failure)
Confirm with . or Enter, or press ? or * to list all spells.
Flames lash the wight.
The wight is heavily damaged.
The wight's fire resistance burns away.
The wight hits you with a +4 dagger.
You die...

.#.# .#.### ##....?#
..##.#.# #.##.#.#
#.##.#.#
#.#####.##.#.###.#
#...>.z@ยง........#
#..########..##### #.
#.## # #.# #.# #.# #.#
#########
?.########.####.......)
................##...##


You could see a wight (combustible).

Vanquished Creatures
  A scorpion (D:4)
  A wight (D:5)
  An orc wizard (D:2)
  3 gnolls (D:3)
  7 adders
  An ufetubus (D:5)
  3 dart slugs
  9 orcs
  4 bats
  4 endoplasms
  2 giant cockroaches
  4 hobgoblins
  3 jackals (D:1)
  8 kobolds
  A quokka (D:1)
  4 ball pythons
  A frilled lizard (D:1)
  5 goblins
  5 rats
67 creatures vanquished.

Vanquished Creatures (others)
  250 foxfires
250 creatures vanquished.

Grand Total: 317 creatures vanquished

Notes
Turn   | Place    | Note
-------+----------+-------------------------------------------
     0 | D:1      | DoubleLucky the Draconian Fire Elementalist began the quest
                  | for the Orb.
     0 | D:1      | Reached XP level 1. HP: 14/14 MP: 3/3
   165 | D:1      | Reached XP level 2. HP: 15/20 MP: 0/5
   801 | D:2      | Found a faded altar of an unknown god.
   806 | D:2      | Reached XP level 3. HP: 26/26 MP: 2/7
  1404 | D:2      | Reached skill level 4 in Fire Magic
  1747 | D:2      | Reached XP level 4. HP: 27/33 MP: 3/8
  2235 | D:2      | HP: 1/33 [something (2)]
  2726 | D:3      | Learned a level 2 spell: Scorch
  2737 | D:3      | Reached XP level 5. HP: 38/38 MP: 2/10
  2936 | D:3      | Found a glowing silver altar of Zin.
  2936 | D:3      | Noticed an angel
  2991 | D:4      | Reached skill level 5 in Fire Magic
  3273 | D:4      | Noticed Duvessa
  3282 | D:4      | Noticed Dowan
  3300 | D:5      | Entered Level 5 of the Dungeon
  3348 | D:5      | Reached XP level 6. HP: 45/45 MP: 4/12
  3451 | D:4      | HP: 1/36 [wight/+4 dagger (2)]
  3452 | D:4      | Slain by a wight

Illustrated notes

Levels and vault maps discovered:
D:1:      dpeg_arrival_orchard, layout_rooms, minivault_25
D:2:      layout_basic, serial_glass, glass_columns_a, glass_columns_a,
          ebering_ecumenical_altar_webs
D:3:      layout_rooms, zin_angel
D:4:      layout_loops_ring, kennysheep_mini_moat,
          yredelemnul_forgotten_temple_becter, uniq_duvessa
D:5:      layout_basic, mainiacjoe_overflow_six_doors_small,
          portal_sewer_entry_f, st_stairs_4

Skill      XL: |  1  2  3  4  5 |
---------------+----------------+-----
Spellcasting   | 3 4 |  4.4
Fire Magic     | 4 5 |  5.3
Dodging        | |  1.7
Stealth        | |  1.7
Conjurations   | |  1.0

Action                   |  1- 3 |  4- 6 || total
-------------------------+-------+-------++-------
Melee: Hand axe          |    17 |     2 ||    19
       Tailslap          |     1 |     3 ||     4
       Dagger            |       |    27 ||    27
 Cast: Foxfire           |    72 |    84 ||   156
       Scorch            |       |     7 ||     7
Armor: Skin              |    10 |    24 ||    34
Dodge: Dodged            |    24 |    30 ||    54
